 Dungeon Crawl Stone Soup version 0.17-a0-1447-g3d113ad (webtiles) character file.

676 Kisielow the Destroyer (level 7, -5/36 HPs)
             Began as a Deep Elf Conjurer on June 28, 2015.
             Shot with an arrow by a centaur (12 damage)
             ... on level 5 of the Dungeon on June 29, 2015.
             The game lasted 00:10:55 (4170 turns).

Kisielow the Destroyer (Deep Elf Conjurer)          Turns: 4170, Time: 00:10:55

Health: -5/36      AC:  2    Str:  7    XL:     7   Next: 33%
Magic:  0/13       EV: 13    Int: 20    God:
Gold:   176        SH:  0    Dex: 15    Spells: 3 memorised, 4 levels left

rFire  . . .     SeeInvis .     r - +1 dagger (elec)
rCold  . . .     Clarity  .     a - +0 robe
rNeg   . . .     SustAt   .     (no shield)
rPois  .         Gourm    .     (no helmet)
rElec  .         Spirit   .     (no cloak)
rCorr  .         Warding  .     (no gloves)
rMut   .         Stasis   .     (no boots)
MR     .....                    (no amulet)
Stlth  ++........               (no ring)
                                (no ring)

@: not resistant to hostile enchantments, unstealthy
A: no striking features
a: no special abilities


You were on level 5 of the Dungeon.
You were very hungry.

You visited 1 branch of the dungeon, and saw 5 of its levels.

You collected 176 gold pieces.

Inventory:

Hand weapons
 r - a +1 dagger of electrocution (weapon)
Armour
 a - a +0 robe (worn)
Scrolls
 f - 4 scrolls of immolation {unknown}
 h - 3 scrolls of recharging {unknown}
 i - a scroll of enchant weapon {unknown}
 n - a scroll of noise {unknown}
 p - 3 scrolls of identify {unknown}
 s - 2 scrolls of amnesia {unknown}
 t - a scroll of magic mapping {unknown}
 u - a scroll of remove curse {unknown}
Potions
 d - 2 potions of curing {unknown}
 e - a potion of mutation {unknown}
 j - 2 potions of might {unknown}
 k - 4 potions of agility {unknown}
 l - 2 potions of heal wounds {unknown}
 m - 2 potions of haste {unknown}
Books
 b - a book of Conjurations

   Spells                             Type                      Level
   a - Magic Dart                     Conjuration                  1
   b - Searing Ray                    Conjuration                  2
   c - Dazzling Spray                 Conjuration/Hexes            3
   d - Fulminant Prism                Conjuration/Hexes            4
   e - Iskenderun's Mystic Blast      Conjuration                  4
   f - Iskenderun's Battlesphere      Conjuration/Charms           5
Comestibles
 c - 7 bread rations
 g - a meat ration
 o - a beef jerky
 q - a chunk of flesh


   Skills:
 - Level 2.4 Dodging
 - Level 2.4 Stealth
 - Level 3.0 Spellcasting
 + Level 8.3 Conjurations
 * Level 6.7 Charms


You had 4 spell levels left.
You knew the following spells:

 Your Spells              Type           Power        Failure   Level  Hunger
a - Magic Dart            Conj           ####         1%          1    None
q - Iskenderun's Battles  Conj/Chrm      ####....     21%         5    ######.
s - Searing Ray           Conj           #####.       1%          2    ##.....


Dungeon Overview and Level Annotations

Branches:
Dungeon (5/15)
 Temple: D:4-7

Altars:

Annotations:
D:3 lauthentik's ghost, average MiHu


Message History

* * * LOW HITPOINT WARNING * * *
The centaur shoots an arrow.
The arrow barely misses you.
Casting: Magic Dart
Confirm with . or Enter, or press ? or * to list all spells.
Aiming: Magic Dart
Press: ? - help, Shift-Dir - straight line, f/p - centaur
Aim: a centaur, wielding a shortbow (almost dead)
The magic dart hits the centaur.
The centaur is almost dead.
The centaur shoots an arrow.
The arrow closely misses you.
Casting: Magic Dart
Confirm with . or Enter, or press ? or * to list all spells.
Aiming: Magic Dart
Press: ? - help, Shift-Dir - straight line, f/p - centaur
Aim: a centaur, wielding a shortbow (almost dead)
The magic dart hits the centaur.
The centaur is almost dead.
The centaur shoots an arrow.
The arrow barely misses you.
The centaur shoots an arrow.
The arrow hits you!
You die...

..# ##.# #..######.#
#..#.....# ##.......###
#####..........### #.#
#................###...
≈≈≈≈≈#.(.................
≈≈≈≈≈≈≈((........#........
#≈≈###≈≈.@........#.......
#≈≈..................
#≈≈.....)......# ..
≈≈≈≈##...c....### ..
≈≈≈≈≈≈###..[....# ##.#
≈#+#≈≈# ##......#####..# ≈
#≈≈## ##.....#.....##
≈###≈≈###≈≈.##
#...##....#..# ≈≈≈
≈≈≈≈...##....##..####.#


You could see a centaur.

Vanquished Creatures
  A phantom (D:4)
  An ogre (D:5)
  A necrophage (D:5)
  Blork the orc (D:4)
  A wasp zombie (D:5)
  A crimson imp (D:5)
  2 hounds
  A giant frog skeleton (D:5)
  An orc wizard (D:5)
  A worker ant (D:4)
  5 adders
  An ooze (D:4)
  2 worms
  4 giant geckos
  10 orcs
  9 bats
  A bat skeleton (D:4)
  A giant cockroach (D:2)
  10 hobgoblins
  4 jackals (D:4)
  A ball python (D:5)
  6 goblins
  8 kobolds
  13 rats
86 creatures vanquished.

Notes
Turn   | Place    | Note
--------------------------------------------------------------
     0 | D:1      | Kisielow the Deep Elf Conjurer began the quest for the Orb.
     0 | D:1      | Reached XP level 1. HP: 10/10 MP: 6/6
   223 | D:1      | Reached XP level 2. HP: 15/15 MP: 6/8
   240 | D:1      | Reached skill level 5 in Conjurations
   262 | D:1      | Learned a level 2 spell: Searing Ray
  1047 | D:2      | Reached XP level 3. HP: 19/19 MP: 6/9
  1578 | D:3      | Noticed lauthentik's ghost (average MiHu)
  1638 | D:2      | Upgraded the game from 0.17-a0-1446-gc28613e to 0.17-a0-1447-g3d113ad
  1657 | D:2      | Reached skill level 6 in Conjurations
  1763 | D:3      | Reached XP level 4. HP: 24/24 MP: 5/10
  2573 | D:4      | Noticed Blork the orc
  2580 | D:4      | Killed Blork the orc
  2580 | D:4      | Reached skill level 7 in Conjurations
  2580 | D:4      | Reached XP level 5. HP: 19/28 MP: 3/11
  2592 | D:4      | Learned a level 5 spell: Iskenderun's Battlesphere
  2770 | D:4      | Noticed a phantom
  2784 | D:4      | Killed a phantom
  2784 | D:4      | Reached XP level 6. HP: 20/32 MP: 0/12
  3269 | D:5      | Entered Level 5 of the Dungeon
  3824 | D:5      | Reached skill level 8 in Conjurations
  3845 | D:5      | Reached skill level 5 in Charms
  3845 | D:5      | Reached XP level 7. HP: 32/36 MP: 2/13
  4170 | D:5      | Shot with an arrow by a centaur

Vault maps used:
D:1:      dpeg_arrival_subterranean_lakeside_camping,
          minmay_misc_feat_nine_boxes
D:3:      first_bread
D:4:      kennysheep_cluttered_room, uniq_blork_the_orc
D:5:      dk_noncrumbling_2, water_boxes_lemuel

Action                   |  1- 3 |  4- 6 |  7- 9 || total
-------------------------+-------+-------+-------++-------
Melee: Dagger            |     4 |     9 |     7 ||    20
 Cast: Magic Dart        |    67 |   101 |    22 ||   190
       Searing Ray       |     1 |     7 |     1 ||     9
       Iskenderun's Batt |       |       |     3 ||     3
  Eat: Chunk             |     2 |     7 |     1 ||    10
